 Dungeon Crawl Stone Soup version 0.32-a0-711-g016ad743e0 (webtiles) character file.

Game seed: 15490378866170223455

322 retardedninja the Trooper (level 6, -1/49 HPs)
             Began as a Coglin Fighter on Mar 15, 2024.
             Slain by a jelly (2 damage)
             ... on level 4 of the Dungeon.
             The game lasted 00:04:22 (2904 turns).

retardedninja the Trooper (Coglin Fighter)          Turns: 2904, Time: 00:04:23

Health: -1/49      AC: -6    Str: 18    XL:     6   Next: 47%
Magic:  6/6        EV:  6    Int:  7    God:
Gold:   157        SH:  0    Dex: 14    Spells: 5/5 levels left

rFire   . . .        a - +0 war axe {Nenetl}
rCold   . . .        s - +0 war axe {Kenzo}
rNeg    . . .        m - +0 chain mail
rPois   .            n - +0 helmet
rElec   .            (no cloak)
rCorr   .            r - +0 pair of gloves
SInv    .            f - +0 pair of boots
Will    .....        (amulet unavailable) Stlth
                     (ring unavailable)
HPRegen 0.28/turn    (ring unavailable)
MPRegen 0.10/turn    (no gizmo)

%: no passive effects
@: mighty, corroded, hasted, revved, very quick
A: off-hand wielding, slow wielding, warmup strikes, no jewellery
a: Invent Gizmo


You were on level 4 of the Dungeon.
You visited 1 branch of the dungeon, and saw 4 of its levels.

You collected 157 gold pieces.

Inventory:

Hand Weapons
 a - a +0 war axe (weapon) {Nenetl}
 s - a +0 war axe (offhand) {Kenzo}
Armour
 c - a +0 buckler
 f - a +0 pair of boots (worn)
 m - a +0 chain mail (worn)
 n - a +0 helmet (worn)
 r - a +0 pair of gloves (worn)
Scrolls
 g - a scroll of butterflies {unknown}
 i - a scroll of enchant weapon {unknown}
 j - a scroll of brand weapon {unknown}
 k - a scroll of torment {unknown}
 l - 2 scrolls of teleportation
 o - a scroll of poison {unknown}
Potions
 h - a potion of brilliance
 p - a potion of degeneration


   Skills:
 + Level 4.6 Fighting
 + Level 3.9 Axes
 + Level 4.2 Armour
 - Level 2.5 Shields


You had 5 spell levels left.
You didn't know any spells.
Your spell library contained the following spells:

 Spells                   Type           Power      Damage    Failure   Level
 Summon Blazeheart Golem  Fire/Summ      0%         N/A       100%        4
 Orb of Destruction       Conj           0%         9d5       100%        7
 Spellforged Servitor     Conj/Summ      0%         N/A       100%        7


Dungeon Overview and Level Annotations

Branches:
Dungeon (4/15)
 Temple: D:4-7

Altars:
Sif Muna
Yredelemnul
The Shining One

Annotations:
D:3 1 runed translucent door


Innate Abilities, Weirdness & Mutations

You can wield a second weapon in your off-hand.
It takes a long time for you to wield or remove held weapons.
Your first few attacks do less damage.
You cannot equip rings or amulets.


Message History

You hit the endoplasm with your +0 war axe.
The endoplasm hits you but does no damage.
The jelly barely misses you.
You hit the jelly but do no damage. The acid corrodes you!
Your graspers burn!
The jelly is severely wounded.
You barely miss the endoplasm with your +0 war axe.
You hit the jelly but do no damage. The acid corrodes you!
Your graspers burn!
You completely miss the endoplasm with your +0 war axe.
The jelly barely misses you. The endoplasm freezes you.
You are frozen.
You hit the jelly but do no damage.
Your graspers burn!
The jelly is severely wounded.
You barely miss the endoplasm with your +0 war axe.
You hit the jelly but do no damage. The acid corrodes you!
Your graspers burn!
You hit the endoplasm with your +0 war axe.
You kill the endoplasm!
The jelly hits you.
You are splashed with acid!
You barely miss the jelly with your +0 war axe.
The jelly is severely wounded.
You hit the jelly but do no damage.
Your graspers burn!
* * * LOW HITPOINT WARNING * * *
The jelly hits you.
* * * LOW HITPOINT WARNING * * *
You are splashed with acid!
* * * LOW HITPOINT WARNING * * *
You feel much better.
You hit the jelly but do no damage.
Your graspers burn!
The jelly is severely wounded.
You barely miss the jelly with your +0 war axe.
The jelly hits you. The acid corrodes you!
You are splashed with acid!
You barely miss the jelly with your +0 war axe.
The jelly is severely wounded.
You hit the jelly but do no damage.
Your graspers burn!
The jelly hits you.
* * * LOW HITPOINT WARNING * * *
You are splashed with acid!
* * * LOW HITPOINT WARNING * * *
You feel very mighty all of a sudden. The jelly hits you.
You die...

.....#
#.........#
..##.
#.ß..ß..ß.#
. #
#.....†...#
##+##†##+##
#.)#..##
#.##...##
..# ##...#
##. ##..# #
##@#
#.....J#
#......#
#......#
..###...# .
#...# #...#
.####


You could see a jelly.

Vanquished Creatures
  A black bear (D:4)
  A howler monkey (D:4)
  A bombardier beetle (D:3)
  2 iguanas (D:4)
  2 gnolls (D:1)
  4 adders
  A dart slug (D:3)
  A ribbon worm (D:3)
  An orc (D:3)
  5 endoplasms
  A giant cockroach (D:3)
  4 goblins
  5 hobgoblins
  5 jackals
  2 kobolds
  4 quokkas
  3 ball pythons
  6 bats
  A frilled lizard (D:1)
  5 rats
55 creatures vanquished.

Notes
Turn   | Place    | Note
-------+----------+-------------------------------------------
     0 | D:1      | retardedninja the Coglin Fighter began the quest for the
                  | Orb.
     0 | D:1      | Reached XP level 1. HP: 18/18 MP: 1/1
   181 | D:1      | Reached XP level 2. HP: 24/24 MP: 2/2
   534 | D:1      | Reached XP level 3. HP: 29/29 MP: 3/3
  1127 | D:2      | Reached XP level 4. HP: 33/35 MP: 4/4
  1936 | D:3      | Found a runed translucent door.
  1937 | D:3      | Noticed a human
  1938 | D:3      | Found a basalt altar of Yredelemnul.
  2005 | D:3      | Found a shimmering blue altar of Sif Muna.
  2078 | D:3      | Reached XP level 5. HP: 37/42 MP: 5/5
  2258 | D:3      | Found a glowing golden altar of the Shining One.
  2432 | D:3      | Found a faded altar of an unknown god.
  2880 | D:4      | Noticed a black bear
  2892 | D:4      | Killed a black bear
  2893 | D:4      | Reached XP level 6. HP: 44/49 MP: 6/6
  2900 | D:4      | HP: 1/49 [acid (9)]
  2904 | D:4      | Slain by a jelly

Illustrated notes

Levels and vault maps discovered:
D:1:      dpeg_arrival_subterranean_lakeside_camping, layout_loops_corners
D:2:      layout_basic, chequers_hall_statues_y
D:3:      layout_loops_cross, mainiacjoe_overflow_chevrons,
          nicolae_tso_swordbearing_angel, dk_yredelemnul_ordeal,
          hellmonk_ecumenical_altar_arch_garden
D:4:      minmay_chambers_of_threes, layout_cave_pools,
          nemelex_diamond_rough_becter, minmay_temple_entry_waves, uniq_pikel

Skill      XL: |  1  2  3  4  5 |
---------------+----------------+-----
Armour         | 3 4 |  4.2
Axes           | 3 |  3.9
Fighting       | 4 |  4.6
Shields        | |  2.5

Action                     |  1- 3 |  4- 6 || total
---------------------------+-------+-------++-------
  Melee: War axe           |    69 |   109 ||   178
    Use: Scroll            |       |     5 ||     5
         Potion            |       |     3 ||     3
 Armour: Scale mail        |    83 |       ||    83
         Chain mail        |    10 |    72 ||    82
  Dodge: Dodged            |    49 |    28 ||    77
  Block: Buckler           |    20 |     6 ||    26

Table legend: (Time is in decaauts)
 A = Elapsed time spent in this place.
 B = Non-inter-level travel time spent in this place.
 C = Inter-level travel time spent in this place.
 D = Time resting spent in this place.
 E = Time spent auto-exploring this place.
 F = Levels seen in this place.
 G = Mean time per level.
                   A        B        C        D        E       F      G
               +--------+--------+--------+--------+--------+-----+--------+
         Total |   2958 |   2820 |    138 |      0 |   2330 |   4 |  739.5 |
       Dungeon |   2958 |   2820 |    138 |      0 |   2330 |   4 |  739.5 |
               +--------+--------+--------+--------+--------+-----+--------+

Top non-repeatable levels by time:
     D:2: 987 daAuts
     D:1: 930 daAuts
     D:3: 918 daAuts
     D:4: 122 daAuts
